Map: Para Site LE

Players

AloneShadow - Winner!

  • Race: Terran Terran
  • League: Platinum
  • Spawn Location: 5:00

Mesrob

  • Race: Terran Terran
  • League: Gold
  • Spawn Location: 11:00

VOD

Have the link to the VOD?

Description

Time

  • Played on: Jan. 15, 2019, 7:05 p.m.
  • Length: 31:24
Show
View Real Time Build Order
Export as new Build Order

AloneShadow Terran - Winner!

Build Orders:  

Get SALT Encoding   

  12  0:01  SCV  
  13  0:13  SCV  
  14  0:21  Supply Depot  
  14  0:25  SCV  
  15  0:44  Barracks  
  15  0:47  SCV  
  15  0:49  Supply Depot  
  16  0:58  Refinery  
  16  0:59  SCV  
  17  1:16  SCV  
  18  1:32  Orbital Command  
  18  1:43  Reaper  
  19  1:53  Refinery  
  19  2:03  SCV  
  20  2:15  Bunker  
  20  2:23  SCV  
  20  2:29  Factory  
  21  2:31  Marine  
  21  2:35  SCV  
  23  2:43  Barracks  
  23  2:48  Marine  
  24  3:01  Command Center  
  24  3:05  SCV  
  24  3:06  Marine  
  26  3:16  Factory Tech Lab  
  26  3:24  Marine  
  27  3:42  Marine  
  27  3:45  Siege Tank  
  31  3:55  Barracks Reactor  
  30  4:03  SCV  
  31  4:11  Engineering Bay  
  31  4:12  Barracks Tech Lab  
  31  4:14  Orbital Command  
  31  4:22  Starport, Siege Tank  
  34  4:27  SCV  
  35  4:37  Marauder  
  35  4:38  Marine x2, Supply Depot  
  39  4:52  Bunker  
  39  4:56  Cyclone  
  42  5:00  Starport Reactor  
  42  5:05  Marine x2  
  42  5:06  Marauder  
  46  5:07  SCV  
  46  5:11  Supply Depot  
  47  5:15  Stimpack  
  47  5:20  Orbital Command  
  47  5:32  Sensor Tower  
  47  5:37  Marine x3  
  47  5:39  Cyclone  
  53  5:45  Supply Depot  
  53  5:50  SCV  
  53  5:51  SCV  
  53  5:52  Refinery  
  55  6:02  SCV  
  55  6:03  SCV  
  55  6:04  Medivac  
  59  6:08  Sensor Tower  
  59  6:14  SCV  
  59  6:15  Refinery  
  59  6:16  SCV  
  59  6:17  Marine x3  
  64  6:21  Supply Depot  
  64  6:46  Medivac x2  
  68  6:47  SCV  
  68  6:48  SCV  
  70  7:05  Siege Tank  
  70  7:06  Marine x2  
  70  7:07  Marine  
  76  7:09  Terran Infantry Weapons Level 1  
  76  7:24  Viking  
  76  7:28  Supply Depot  
  78  7:31  Viking  
  80  8:13  Siege Tank  
  80  8:14  Marine x3  
  80  8:16  Combat Shield  
  86  8:21  Liberator x2  
  86  8:33  Marauder  
  88  8:35  Command Center  
  88  8:37  Sensor Tower  
  94  8:46  Marine x2, Supply Depot  
  94  8:47  Supply Depot  
  96  9:03  SCV  
  96  9:04  SCV  
  98  9:10  Supply Depot  
  98  9:15  SCV  
  98  9:16  SCV  
  100  9:19  Marine x3  
  100  9:22  Siege Tank  
  106  9:35  Liberator x2  
  106  9:37  SCV x2  
  108  9:49  SCV  
  108  9:50  Marine x3  
  112  9:54  Siege Tank  
  112  9:56  Armory  
  112  9:58  Supply Depot x2  
  121  10:00  Orbital Command  
  121  10:05  SCV x2  
  121  10:06  Refinery  
  123  10:44  Starport  
  123  10:46  Supply Depot  
  123  10:47  Starport Tech Lab  
  123  10:51  SCV  
  123  10:52  SCV x2  
  126  11:00  Supply Depot  
  126  11:02  Supply Depot  
  126  11:03  SCV  
  127  11:04  SCV x2  
  129  11:16  SCV  
  130  11:28  SCV  
  131  11:40  SCV  
  132  11:59  Starport Tech Lab, Marine x2  
  132  12:00  Marine  
  135  12:17  Marine  
  136  12:41  SCV  
  136  12:42  SCV x2  
  139  12:51  Raven x2  
  143  12:52  Supply Depot  
  143  12:53  SCV  
  143  12:54  SCV  
  143  12:57  Command Center  
  143  12:58  Marine x3  
  147  12:59  Starport  
  147  13:00  Command Center, Siege Tank  
  152  13:05  SCV  
  152  13:16  Marine  
  153  13:42  Raven x2  
  153  13:45  Starport Tech Lab  
  157  13:48  SCV  
  157  13:55  SCV  
  159  14:00  Supply Depot, SCV, Terran Vehicle Weapons Level 1  
  159  14:01  Supply Depot  
  160  14:04  Refinery, Armory  
  160  14:11  Refinery  
  160  14:16  Refinery  
  133  15:26  Command Center  
  97  16:08  SCV  
  72  17:10  Command Center  
  55  18:59  Supply Depot  
  55  19:23  Supply Depot  
  55  19:47  Supply Depot  
  55  20:11  Supply Depot  
  55  20:33  Supply Depot, SCV x2  
  47  20:59  SCV  
  48  21:05  Barracks  
  49  21:11  SCV  
  49  21:12  Refinery  
  49  21:29  Refinery  
  49  21:32  Barracks  
  49  21:38  SCV  
  50  21:51  SCV  
  51  21:57  Barracks  
  51  22:03  Orbital Command  
  51  22:05  Factory  
  51  22:13  Barracks Reactor  
  51  22:14  Factory  
  51  22:33  SCV  
  51  22:36  Supply Depot  
  52  22:45  SCV  
  53  22:53  Orbital Command  
  53  22:57  SCV  
  54  23:00  Factory Tech Lab x2  
  54  23:02  Barracks Reactor x2  
  54  23:06  Refinery  
  54  23:09  SCV  
  55  23:19  Siege Tank x2  
  61  23:21  SCV  
  61  23:23  Supply Depot  
  62  23:28  SCV  
  62  23:30  Marine x2  
  62  23:33  SCV  
  66  23:40  SCV  
  67  23:46  Supply Depot  
  67  23:52  SCV  
  68  23:56  Siege Tank x2  
  74  24:04  SCV  
  74  24:08  Supply Depot  
  75  24:10  Starport  
  75  24:16  SCV  
  76  24:28  SCV  
  77  24:31  Supply Depot  
  77  24:33  Supply Depot  
  77  24:40  SCV  
  77  24:43  Refinery  
  78  24:52  SCV  
  79  24:53  Medivac x2  
  79  24:54  Supply Depot  
  83  25:01  SCV  
  83  25:04  SCV  
  85  25:10  Siege Tank x2  
  85  25:13  SCV  
  92  25:17  SCV  
  93  25:26  SCV  
  94  25:29  SCV  
  95  25:38  SCV  
  95  25:41  SCV  
  97  25:53  SCV  
  97  25:54  SCV, Armory  
  99  26:05  SCV  
  99  26:06  SCV  
  101  26:17  SCV  
  102  26:29  SCV  
  103  26:55  Thor  
  103  26:56  Thor  
  103  26:57  Terran Vehicle Weapons Level 2  
  103  26:59  Supply Depot  
  103  27:00  SCV  
  116  27:12  SCV  
  117  27:19  Ghost Academy  
  117  27:24  Refinery, Barracks Tech Lab, SCV  
  117  27:26  Engineering Bay  
  117  27:27  Command Center  
  118  27:46  Thor x2  
  118  27:51  Personal Cloaking  
  130  27:55  Ghost  
  130  27:56  Ghost Academy  
  130  27:57  Concussive Shells  
  132  28:18  Sensor Tower  
  132  28:22  Sensor Tower  
  132  28:46  SCV  
  133  28:50  Ghost  
  133  28:52  Command Center  
  133  28:53  Nuke  
  133  28:54  Sensor Tower  
  135  28:58  SCV  
  136  29:10  SCV  
  136  29:16  Nuke  
  137  29:18  Ghost  
  139  29:34  SCV  
  139  29:36  Refinery  
  139  29:37  SCV  
  141  29:38  Refinery  
  141  29:46  SCV  
  142  29:54  Command Center  
  142  30:05  Refinery  
  142  30:09  SCV  
  142  30:10  Command Center  
  142  30:21  SCV  
  143  30:33  SCV  
Show
View Real Time Build Order
Export as new Build Order

Mesrob Terran 

Build Orders: Mech 

Get SALT Encoding   

  12  0:01  SCV  
  13  0:13  SCV  
  14  0:22  Supply Depot  
  14  0:25  SCV  
  15  0:43  SCV  
  15  0:44  Barracks  
  16  0:50  Refinery  
  16  0:55  SCV  
  17  1:08  SCV  
  18  1:20  SCV  
  19  1:33  Orbital Command  
  19  1:38  Command Center  
  19  1:41  Marine  
  20  1:53  Bunker  
  20  2:02  SCV  
  21  2:11  Factory  
  21  2:22  Marine  
  21  2:23  Supply Depot  
  21  2:30  SCV  
  21  2:31  Refinery  
  22  2:43  SCV  
  23  2:46  Barracks Tech Lab  
  23  2:54  Supply Depot  
  23  3:07  Engineering Bay  
  23  3:16  Supply Depot  
  23  3:19  Siege Tank  
  23  3:42  Marine  
  22  4:05  Siege Tank  
  22  4:06  Orbital Command  
  25  4:14  Command Center  
  25  4:15  Supply Depot  
  26  4:17  SCV  
  26  4:29  SCV  
  27  4:37  Siege Tank  
  30  4:38  Supply Depot  
  30  4:43  Missile Turret  
  30  4:44  Marine  
  31  4:49  SCV  
  32  4:56  SCV  
  33  5:01  SCV  
  33  5:05  Missile Turret  
  34  5:10  SCV  
  34  5:13  SCV  
  36  5:17  Siege Tank  
  39  5:22  SCV  
  39  5:23  Missile Turret  
  39  5:25  SCV  
  41  5:29  Sensor Tower  
  41  5:34  Orbital Command  
  41  5:38  SCV  
  41  5:42  Refinery  
  42  5:50  Armory  
  42  5:58  Sensor Tower  
  42  6:01  Missile Turret  
  42  6:07  SCV  
  43  6:11  SCV  
  44  6:18  Orbital Command  
  44  6:19  SCV  
  44  6:21  Missile Turret  
  45  6:31  SCV  
  46  6:39  Armory  
  46  6:42  Missile Turret, Thor  
  52  6:48  Factory  
  52  6:54  Factory  
  52  7:11  Refinery  
  52  7:12  SCV  
  52  7:14  SCV x2  
  55  7:24  SCV  
  55  7:26  SCV x2  
  58  7:36  Missile Turret, SCV  
  59  7:38  SCV  
  60  7:48  Missile Turret  
  60  7:55  Orbital Command  
  60  7:56  Missile Turret  
  57  8:09  Missile Turret  
  57  8:16  Factory Reactor  
  57  8:17  Factory Reactor  
  57  8:19  Missile Turret  
  57  8:21  Factory  
  57  8:27  Factory  
  57  8:31  Missile Turret, SCV  
  57  8:32  SCV  
  57  8:33  SCV  
  60  8:41  Thor  
  60  8:43  SCV  
  60  8:44  SCV  
  60  8:45  SCV  
  69  8:51  Missile Turret  
  69  8:54  Refinery  
  70  8:55  SCV  
  70  8:57  SCV x2  
  72  9:09  SCV  
  73  9:16  Command Center  
  73  9:20  SCV  
  73  9:23  SCV x2  
  76  9:28  Refinery  
  76  9:32  SCV  
  76  9:35  SCV x2  
  79  9:44  SCV  
  80  9:47  SCV x2  
  80  9:51  Thor  
  80  9:52  Hellbat x2  
  93  9:53  Hellbat, Factory Tech Lab  
  93  9:54  Factory Tech Lab  
  93  9:59  Factory  
  93  10:04  Factory  
  93  10:17  Supply Depot  
  93  10:27  SCV x3  
  93  10:28  Hellbat  
  98  10:31  Supply Depot, Sensor Tower  
  98  10:34  Thor  
  104  10:39  SCV x3  
  104  10:41  Supply Depot  
  107  10:45  Factory  
  107  10:49  Factory  
  107  10:52  Missile Turret, SCV x3  
  107  10:53  Planetary Fortress  
  107  10:56  Supply Depot  
  110  11:04  SCV  
  111  11:07  Supply Depot  
  111  11:14  Missile Turret  
  111  11:16  Thor  
  111  11:17  Factory Tech Lab  
  117  11:18  Supply Depot, Factory Reactor  
  117  11:20  Hellbat x3  
  117  11:21  Hellbat  
  117  11:24  Smart Servos  
  125  11:27  Infernal Pre-Igniter  
  125  11:29  Terran Vehicle Weapons Level 1  
  125  11:31  Terran Vehicle And Ship Armor Level 1, Supply Depot  
  125  11:34  Missile Turret  
  125  11:36  Neosteel Armor  
  125  11:53  Supply Depot  
  123  12:12  Thor x3  
  123  12:14  Factory Tech Lab  
  123  12:15  Factory Tech Lab  
  141  12:16  Hellbat x4  
  141  12:17  Hellbat x2, Supply Depot  
  152  12:40  Supply Depot  
  152  13:03  Supply Depot  
  152  13:07  Thor  
  152  13:08  Command Center, Thor x3  
  152  13:10  Hellbat  
  152  13:11  Hellbat  
  180  13:15  Supply Depot  
  180  13:16  Hi-Sec Auto Tracking  
  180  13:25  Hellbat x2, Terran Vehicle Weapons Level 2  
  180  13:26  Terran Vehicle And Ship Armor Level 2  
  184  13:40  Supply Depot  
  189  13:47  Thor  
  189  13:51  Thor  
  189  13:54  Hellbat  
  197  13:56  Command Center  
  197  14:14  Refinery  
  185  14:40  Refinery  
  172  15:00  Thor x3  
  190  15:13  Hellbat x2  
  180  15:14  Hellbat x2  
  180  15:16  Hellbat  
  180  15:18  Hellbat  
  168  15:41  Thor  
  140  16:01  Command Center  
  120  17:28  Supply Depot  
  115  17:51  Supply Depot  
  83  18:14  Supply Depot  
  83  18:37  Supply Depot  
  83  19:01  Supply Depot  
  83  19:26  Supply Depot  
  81  19:49  Supply Depot  
  81  20:12  Supply Depot  
  81  20:35  Supply Depot  
  80  22:47  SCV  
  79  23:07  Supply Depot  
  79  23:29  SCV  
  80  23:35  Supply Depot  
  80  23:39  Hellion x2  
  84  24:02  SCV  
  85  24:23  SCV  
  86  24:48  SCV  
  87  25:06  Supply Depot  
  87  25:16  SCV  
  88  25:34  SCV  
  89  25:49  SCV  
  90  25:57  Supply Depot  
  90  26:10  Hellion  
  86  27:06  SCV  
  87  27:31  SCV  
  89  28:05  SCV  
  89  28:27  SCV  
  88  28:39  SCV  
  90  29:06  SCV  
  90  29:16  Hellion  
  92  29:18  SCV  
  93  29:26  Hellion  
  95  29:37  SCV  
  96  29:44  Hellion  
  98  29:56  Hellion  
  100  30:00  SCV  
  101  30:12  SCV  
  102  30:16  Hellion  
  104  30:27  Supply Depot  
  104  30:44  Hellion  
  106  30:51  Supply Depot  
Tags
 
Composition
Mech
Matchup
TvT
Race
Terran
Replay Pack
sc2 replays
Spawn Locations
Cross Positions
Add a new tag
Caveats
  • Supply blocks, unpowered buildings, or Contaminate may cause inaccurate times.
  • Supply counts are checked every 10 seconds.